 Dungeon Crawl Stone Soup version 0.31-a0-192-ga50d7bf3bb (webtiles) character file.

Game seed: 18361476580069507212

28 qw the Shooter (level 3, 0/20 HPs)
             Began as a Deep Elf Hunter on June 23, 2023.
             Succumbed to their own poison gas
             ... on level 1 of the Dungeon.
             The game lasted 00:00:20 (722 turns).

qw the Shooter (Deep Elf Hunter)                     Turns: 722, Time: 00:00:21

Health: 0/20       AC:  6    Str: 16    XL:     3   Next: 0%
Magic:  5/5        EV: 10    Int: 13    God:
Gold:   27         SH:  0    Dex: 18    Spells: 2/2 levels left

rFire   . . .        Y - +1 shortbow
rCold   . . .        (shield currently unavailable)
rNeg    . . .        f - +0 scale mail
rPois   .            (no helmet)
rElec   .            (no cloak)
rCorr   .            (no gloves)
SInv    .            (no boots)
Will    .....        (no amulet)
Stlth   +            j - +6 ring of strength
HPRegen 0.23/turn    (no ring)
MPRegen 0.09/turn

%: no passive effects
@: lethally poisoned (0 -> -14)
A: no striking features
a: no special abilities


You were on level 1 of the Dungeon.
You visited 1 branch of the dungeon, and saw 1 of its levels.

You collected 27 gold pieces.


   Skills:
 - Level 1.5 Fighting
 + Level 6.6 Ranged Weapons
 - Level 2.4 Dodging
 - Level 1.2 Stealth


You had 2 spell levels left.
You didn't know any spells.
Your spell library was empty.

Inventory:

Hand Weapons
 Y - a +1 shortbow (weapon)
Armour
 f - a +0 scale mail (worn)
Jewellery
 j - a +6 ring of strength (left hand)
Potions
 d - a potion of mutation {unknown}
 g - a potion of degeneration {unknown}

Dungeon Overview and Level Annotations

Branches:
Dungeon (1/15)

Altars:


Message History

You hear a loud clanging noise!
It was a scroll of noise.
Done exploring.
716 ||| READING scroll labelled SABISS UTAOTUI.
The air fills with toxic fumes!
As you read the scroll labelled SABISS UTAOTUI, it crumbles to dust.
It was a scroll of poison.
Done exploring.
717 ||| READING scroll labelled OGASTR KIXZAAKA.
As you read the scroll labelled OGASTR KIXZAAKA, it crumbles to dust.
It is a scroll of enchant weapon.
Your +0 shortbow glows red for a moment.
Done exploring.
718 ||| DROPPING scroll of butterflies.
You drop a scroll of butterflies.
Done exploring.
719 ||| DROPPING 2 scrolls of noise.
You drop 2 scrolls of noise.
Done exploring.
(D) Dungeon
Where to? (* - list waypoints, ? - help)
What level of the Dungeon? (default 1, ? - help) Sorry, I don't know how to get there.
Enter note:
Enter note:
Enter note:
Enter note:
Enter note:
Enter note:
Enter note:
Enter note:
Enter note: Really walk into that cloud of poison gas?
You are engulfed in poison gas.
You are lethally poisoned!
You feel very sick.
721 ||| Stepping ~*~*~tactically~*~*~ (cloud).
You feel very sick.
Things that are here:
2 scrolls of noise; a scroll of butterflies; a +0 leather armour
There is a lethal amount of poison in your body!
You die...

#....# ###....#...#
##### #....# #....#...#
#.... ######
#....'...######....
######...##........
##'###........
############..........##
#¤0¤¤¤¤¤¤¤¤#..........#
#¤¤¤0¤¤0¤¤¤#......#####
#¤¤¤¤¤0@¤¤¤0000...#
#¤¤¤¤¤¤¤¤¤0##¤¤...#
#¤¤¤¤¤00¤¤0##..)..#
#¤¤0¤¤¤0¤¤¤##.....# #
########¤####.....# #
#......¤# #.....######
#.####### #....)'...##
#.# #.....###.## #####.#
#####.# #...


There were no monsters in sight!

Vanquished Creatures
  A dart slug (D:1)
  2 endoplasms (D:1)
  2 goblins (D:1)
  5 hobgoblins (D:1)
  2 quokkas (D:1)
  A ball python (D:1)
  2 bats (D:1)
  A frilled lizard (D:1)
  3 kobolds (D:1)
  6 rats (D:1)
25 creatures vanquished.

Notes
Turn   | Place    | Note
-------+----------+-------------------------------------------
     0 | D:1      | qw the Deep Elf Hunter began the quest for the Orb.
     0 | D:1      | Reached XP level 1. HP: 12/12 MP: 3/3
     0 | D:1      | 0 ||| qw: Version: 0.3-a-9-g12657ce
     0 | D:1      | 0 ||| qw: Game counter: 4573
     0 | D:1      | 0 ||| qw: Always use a shield: true
     0 | D:1      | 0 ||| qw: God list: Okawaru
     0 | D:1      | 0 ||| qw: Allow faded altars: false
     0 | D:1      | 0 ||| qw: Do Orc after D:15 true
     0 | D:1      | 0 ||| qw: Do second Lair branch before Depths: true
     0 | D:1      | 0 ||| qw: Lair rune preference: random
     0 | D:1      | 0 ||| qw: Plans: Normal
     0 | D:1      | 0 ||| PLANNING D:1-11
    19 | D:1      | 19 ||| FLEEEEING.
    72 | D:1      | Reached XP level 2. HP: 8/16 MP: 4/4
    75 | D:1      | Reached skill level 6 in Ranged Weapons
    91 | D:1      | 91 ||| FLEEEEING.
   359 | D:1      | Found a faded altar of an unknown god.
   595 | D:1      | Reached XP level 3. HP: 20/20 MP: 5/5
   702 | D:1      | 702 ||| UPGRADING to +0 scale mail.
   712 | D:1      | 712 ||| DROPPING +0 leather armour.
   713 | D:1      | 713 ||| UPGRADING to +6 ring of strength.
   714 | D:1      | 714 ||| READING scroll labelled TAKUGA UROPS.
   715 | D:1      | 715 ||| READING 3 scrolls labelled ANAXIOX ATRI.
   716 | D:1      | 716 ||| READING scroll labelled SABISS UTAOTUI.
   717 | D:1      | 717 ||| READING scroll labelled OGASTR KIXZAAKA.
   718 | D:1      | 718 ||| DROPPING scroll of butterflies.
   719 | D:1      | 719 ||| DROPPING 2 scrolls of noise.
   721 | D:1      | 721 ||| Stepping ~*~*~tactically~*~*~ (cloud).
   721 | D:1      | HP: 4/20 [poisoned by you (poison gas)]
   722 | D:1      | Succumbed to their own poison gas

Levels and vault maps discovered:
D:1:      lemuel_arrival_room, layout_basic, basic_ecumenical_altar

Skill      XL: |  1  2 |
---------------+-------+-----
Ranged Weapons | 6 |  6.6
Fighting       | |  1.5
Dodging        | |  2.4
Stealth        | |  1.2

Action                     || total
---------------------------++-------
   Fire: Shortbow          ||    68
    Use: Scroll            ||     4
 Armour: Leather armour    ||    12
  Dodge: Dodged            ||    32

Table legend:
 A = Non-vault XP
 B = Vault XP
 C = Vault XP percentage of total XP
 D = Non-vault monster count
 E = Vault monster count
 F = Vault count percentage of total count
                 A         B        C        D         E       F
            +---------+---------+-------+---------+---------+-------
      Total |      41 |       0 |   0.0 |      25 |       0 |   0.0
            +---------+---------+-------+---------+---------+-------
        D:1 |      41 |       0 |   0.0 |      25 |       0 |   0.0
            +---------+---------+-------+---------+---------+-------
